EL
COLUMBIA FIREFLIES @ BILOXI SHUCKERS
09/07/2046
 
TOP OF THE 1ST
Columbia Fireflies batting - Pitching for Biloxi Shuckers : RHP Matysh Ekmalyan
Pitching: RHP Matysh Ekmalyan
Batting: RHB Zhao-ying Joe 0-0: Ball
1-0: Called Strike
1-1: Ground out 6-3 (Groundball, 56, EV 88.8 MPH)
Batting: SHB Callum Lynch 0-0: Ground out 6-3 (Groundball, 6S, EV 85.0 MPH)
Batting: LHB Bayesa Mundhir 0-0: Ball
1-0: Ball
2-0: Swinging Strike
2-1: Ball
3-1: Base on Balls
Batting: SHB Justin Wallace 0-0: Called Strike
0-1: Ball
1-1: Swinging Strike
1-2: Fly out, F8 (Flyball, 8LD, EV 101.9 MPH)
Top of the 1st over - 0 runs, 0 hits, 0 errors, 1 left on base; Columbia 0 - Biloxi 0
BOTTOM OF THE 1ST
Biloxi Shuckers batting - Pitching for Columbia Fireflies : RHP Jason Vulich
Pitching: RHP Jason Vulich
Batting: RHB Cameron Rattenbury 0-0: Called Strike
0-1: Ball
1-1: Foul Ball, location: 2F
1-2: Ball
2-2: Foul Ball, location: 2F
2-2: Fly out, F7 (Flyball, 7D, EV 79.4 MPH)
Batting: RHB Josh Nelson 0-0: Fly out, F8 (Flyball, 8LD, EV 79.4 MPH)
Batting: SHB Mike Williams 0-0: Ball
1-0: Ball
2-0: SINGLE (Line Drive, 8LS, EV 97.5 MPH)
Batting: RHB Skyler Goss 0-0: SINGLE (Groundball, 4D, EV 93.8 MPH)
Mike Williams to second
Runner from 2nd tries for 3rd, OUT! 8-5
Bottom of the 1st over - 0 runs, 2 hits, 0 errors, 1 left on base; Columbia 0 - Biloxi 0
TOP OF THE 2ND
Columbia Fireflies batting - Pitching for Biloxi Shuckers : RHP Matysh Ekmalyan
Batting: RHB Artyom Shavkunov 0-0: Swinging Strike
0-1: Foul Ball, location: 2F
0-2: Ground out 5-3 (Groundball, 56, EV 104.4 MPH)
Batting: RHB Dan Muse 0-0: Ball
1-0: Foul Ball, location: 2F
1-1: Foul Ball, location: 2F
1-2: Ball
2-2: Foul Ball, location: 2F
2-2: Ball
3-2: Strikes out swinging
Batting: RHB J.D. Brese 0-0: Called Strike
0-1: Ball
1-1: Swinging Strike
1-2: Ball
2-2: Foul Ball, location: 2F
2-2: Strikes out looking
Top of the 2nd over - 0 runs, 0 hits, 0 errors, 0 left on base; Columbia 0 - Biloxi 0
BOTTOM OF THE 2ND
Biloxi Shuckers batting - Pitching for Columbia Fireflies : RHP Jason Vulich
Batting: RHB Steve Byerly 0-0: Called Strike
0-1: Ball
1-1: Foul Ball, location: 2F
1-2: Ball
2-2: Foul Ball, location: 2F
2-2: SINGLE (Line Drive, 9S, EV 103.8 MPH)
Batting: RHB Brian Landrum 0-0: Ball
1-0: Ball
2-0: Called Strike
2-1: Swinging Strike
2-2: Strikes out swinging
Batting: SHB Robert Sayer 0-0: Fielders Choice at 2nd, 3-6 (Groundball, 3, EV 83.8 MPH)
Batting: LHB Aaron Mobley 0-0: Called Strike
0-1: Ball
1-1: Swinging Strike
1-2: Fly out, F9 (Flyball, 9S, EV 83.1 MPH)
Bottom of the 2nd over - 0 runs, 1 hit, 0 errors, 1 left on base; Columbia 0 - Biloxi 0
TOP OF THE 3RD
Columbia Fireflies batting - Pitching for Biloxi Shuckers : RHP Matysh Ekmalyan
Batting: RHB Frank Shaw 0-0: Foul Ball, location: 2F
0-1: Swinging Strike
0-2: Foul Ball, location: 2F
0-2: Strikes out swinging
Batting: SHB Jason Caruso 0-0: Ball
1-0: Ball
2-0: Called Strike
2-1: Ball
3-1: Ground out 4-3 (Groundball, 4, EV 101.9 MPH)
Batting: RHB Zhao-ying Joe 0-0: Ball
1-0: Ball
2-0: Ball
3-0: Called Strike
3-1: Bunt for hit to 5S - play at first, batter OUT! 5-3
Top of the 3rd over - 0 runs, 0 hits, 0 errors, 0 left on base; Columbia 0 - Biloxi 0
Top of the 3rd over - 0 runs, 0 hits, 0 errors, 0 left on base; Columbia 0 - Biloxi 0
BOTTOM OF THE 3RD
Biloxi Shuckers batting - Pitching for Columbia Fireflies : RHP Jason Vulich
Batting: RHB Leo Serrano 0-0: Ball
1-0: Fly out, F8 (Flyball, 8RD, EV 102.5 MPH)
Batting: RHB Cameron Rattenbury 0-0: Foul Ball, location: 2F
0-1: Ground out 6-3 (Groundball, 6, EV 96.2 MPH)
Batting: RHB Josh Nelson 0-0: Ball
1-0: Ball
2-0: Ball
3-0: Called Strike
3-1: SINGLE (Line Drive, 4M, EV 106.9 MPH)
Batting: SHB Mike Williams 0-0: Ball
1-0: SINGLE (Groundball, 4MD, EV 105.0 MPH)
Josh Nelson to second
Runner from 2nd tries for 3rd, SAFE, throw by CF made at trailing runner, OUT! 8-6
Bottom of the 3rd over - 0 runs, 2 hits, 0 errors, 1 left on base; Columbia 0 - Biloxi 0
TOP OF THE 4TH
Columbia Fireflies batting - Pitching for Biloxi Shuckers : RHP Matysh Ekmalyan
Batting: SHB Callum Lynch 0-0: SINGLE (Line Drive, 34D, EV 99.4 MPH)
Batting: LHB Bayesa Mundhir 0-0: Called Strike
Callum Lynch steals 2nd base
0-1: Swinging Strike
0-2: Foul Ball, location: 2F
0-2: Ball
1-2: Ball
2-2: Foul Ball, location: 2F
2-2: Foul Ball, location: 2F
2-2: Ground out 4-3 (Groundball, 4, EV 87.5 MPH)
Callum Lynch to third
Batting: SHB Justin Wallace 0-0: Called Strike
0-1: Swinging Strike
0-2: Foul Ball, location: 2F
0-2: Strikes out looking
Batting: RHB Artyom Shavkunov 0-0: Called Strike
0-1: Called Strike
0-2: Ball
1-2: Foul Ball, location: 2F
1-2: Foul Ball, location: 2F
1-2: Foul Ball, location: 2F
1-2: Ground out 5-3 (Groundball, 56, EV 84.4 MPH)
Top of the 4th over - 0 runs, 1 hit, 0 errors, 1 left on base; Columbia 0 - Biloxi 0
BOTTOM OF THE 4TH
Biloxi Shuckers batting - Pitching for Columbia Fireflies : RHP Jason Vulich
Batting: RHB Skyler Goss 0-0: Ball
1-0: Called Strike
1-1: Ball
2-1: Fly out, F9 (Flyball, 9LM, EV 91.9 MPH)
Batting: RHB Steve Byerly 0-0: Called Strike
0-1: Fly out, F6 (Line Drive, 6, EV 75.6 MPH)
Batting: RHB Brian Landrum 0-0: Called Strike
0-1: Ball
1-1: Ball
2-1: Fly out, F7 (Flyball, 78M, EV 87.5 MPH)
Bottom of the 4th over - 0 runs, 0 hits, 0 errors, 0 left on base; Columbia 0 - Biloxi 0
TOP OF THE 5TH
Columbia Fireflies batting - Pitching for Biloxi Shuckers : RHP Matysh Ekmalyan
Batting: RHB Dan Muse 0-0: Swinging Strike
0-1: Swinging Strike
0-2: Strikes out swinging
Batting: RHB J.D. Brese 0-0: Ball
1-0: Ball
2-0: Called Strike
2-1: Called Strike
2-2: Foul Ball, location: 2F
2-2: Ball
3-2: Strikes out swinging
Batting: RHB Frank Shaw 0-0: Ground out 6-3 (Groundball, 6, EV 101.2 MPH)
Top of the 5th over - 0 runs, 0 hits, 0 errors, 0 left on base; Columbia 0 - Biloxi 0
BOTTOM OF THE 5TH
Biloxi Shuckers batting - Pitching for Columbia Fireflies : RHP Jason Vulich
Batting: SHB Robert Sayer 0-0: Ball
1-0: Ball
2-0: Ground out 6-3 (Groundball, 6, EV 90.0 MPH)
Batting: LHB Aaron Mobley 0-0: Ball
1-0: Ball
2-0: Called Strike
2-1: Foul Ball, location: 2F
2-2: Ground out 4-3 (Groundball, 4, EV 105.0 MPH)
Batting: RHB Leo Serrano 0-0: Ball
1-0: Ball
2-0: Ball
3-0: Base on Balls
Batting: RHB Cameron Rattenbury 0-0: Foul Ball, location: 2F
0-1: DOUBLE (Groundball, 5L, EV 100.6 MPH)
Leo Serrano to third
Runner from 3rd tries for Home, SAFE, throw by LF to home
Batting: RHB Josh Nelson 0-0: Swinging Strike
0-1: Ground out 6-3 (Groundball, 6, EV 100.6 MPH)
Bottom of the 5th over - 1 run, 1 hit, 0 errors, 1 left on base; Columbia 0 - Biloxi 1
TOP OF THE 6TH
Columbia Fireflies batting - Pitching for Biloxi Shuckers : RHP Matysh Ekmalyan
Batting: SHB Jason Caruso 0-0: Ball
1-0: Swinging Strike
1-1: Ball
2-1: Called Strike
2-2: Strikes out swinging
Batting: RHB Zhao-ying Joe 0-0: Foul Ball, location: 2F
0-1: Fly out, F9 (Flyball, 9LM, EV 94.4 MPH)
Batting: SHB Callum Lynch 0-0: Foul Ball, location: 2F
0-1: Ground out 6-3 (Groundball, P, EV 85.0 MPH)
Top of the 6th over - 0 runs, 0 hits, 0 errors, 0 left on base; Columbia 0 - Biloxi 1
BOTTOM OF THE 6TH
Biloxi Shuckers batting - Pitching for Columbia Fireflies : RHP Jason Vulich
Batting: SHB Mike Williams 0-0: Ball
1-0: Called Strike
1-1: Fly out, F6 (Line Drive, 6, EV 73.8 MPH)
Batting: RHB Skyler Goss 0-0: Called Strike
0-1: Fly out, F8 (Flyball, 89D, EV 93.1 MPH)
Batting: RHB Steve Byerly 0-0: Called Strike
0-1: Ball
1-1: Ball
2-1: Ground out 3-1 (Groundball, 34S, EV 83.8 MPH)
Bottom of the 6th over - 0 runs, 0 hits, 0 errors, 0 left on base; Columbia 0 - Biloxi 1
TOP OF THE 7TH
Columbia Fireflies batting - Pitching for Biloxi Shuckers : RHP Matysh Ekmalyan
Batting: LHB Bayesa Mundhir 0-0: Called Strike
0-1: Foul Ball, location: 2F
0-2: Ball
1-2: Strikes out swinging
Batting: SHB Justin Wallace 0-0: Ball
1-0: Called Strike
1-1: Foul Ball, location: 2F
1-2: Strikes out swinging
Batting: RHB Artyom Shavkunov 0-0: Ball
1-0: Foul Ball, location: 2F
1-1: Ground out 4-3 (Groundball, 4MD, EV 96.9 MPH)
Top of the 7th over - 0 runs, 0 hits, 0 errors, 0 left on base; Columbia 0 - Biloxi 1
BOTTOM OF THE 7TH
Biloxi Shuckers batting - Pitching for Columbia Fireflies : RHP Jason Vulich
Batting: RHB Brian Landrum 0-0: Ball
1-0: Foul Ball, location: 2F
1-1: Foul Ball, location: 2F
1-2: Ball
2-2: Foul Ball, location: 2F
2-2: Ball
3-2: Base on Balls
Batting: SHB Robert Sayer 0-0: Bunt missed!
0-1: Ball
Brian Landrum is caught stealing 2nd base 2-6
1-1: Ball
2-1: Ball
3-1: Base on Balls
Batting: LHB Aaron Mobley 0-0: Foul Ball, location: 2F
0-1: Ball
1-1: Ball
2-1: DOUBLE (Line Drive, 7LD, EV 107.5 MPH)
Robert Sayer to third
Batting: RHB Leo Serrano 0-0: Swinging Strike
0-1: Foul Ball, location: 2F
0-2: Ball
1-2: Foul Ball, location: 2F
1-2: Foul Ball, location: 2F
1-2: Ball
2-2: Strikes out looking
Batting: RHB Cameron Rattenbury 0-0: Called Strike
0-1: Swinging Strike
0-2: Ball
1-2: Foul Ball, location: 2F
1-2: Foul Ball, location: 2F
1-2: Ball
2-2: Foul Ball, location: 2F
2-2: Ground out 5-3 (Groundball, 5L, EV 81.2 MPH)
Bottom of the 7th over - 0 runs, 1 hit, 0 errors, 2 left on base; Columbia 0 - Biloxi 1
TOP OF THE 8TH
Columbia Fireflies batting - Pitching for Biloxi Shuckers : RHP Matysh Ekmalyan
Pitching: RHP Jim Strickland
Batting: RHB Dan Muse 0-0: Called Strike
0-1: Ball
1-1: Ball
2-1: Foul Ball, location: 2F
2-2: Strikes out swinging
Batting: RHB J.D. Brese 0-0: Ball
1-0: Ball
2-0: Called Strike
2-1: SINGLE (Groundball, 56, EV 97.5 MPH)
Batting: RHB Frank Shaw 0-0: Foul Ball, location: 2F
0-1: Swinging Strike
0-2: Foul Ball, location: 2F
0-2: Ball
1-2: Strikes out swinging
Batting: SHB Jason Caruso 0-0: Foul Ball, location: 2F
0-1: Swinging Strike
0-2: Ball
1-2: Ball
2-2: Strikes out swinging
Top of the 8th over - 0 runs, 1 hit, 0 errors, 1 left on base; Columbia 0 - Biloxi 1
BOTTOM OF THE 8TH
Biloxi Shuckers batting - Pitching for Columbia Fireflies : RHP Jason Vulich
Pitching: RHP Alastair Henry
Batting: RHB Josh Nelson 0-0: Called Strike
0-1: Ball
1-1: Ball
2-1: SINGLE (Groundball, 6MD, EV 97.5 MPH)
Batting: SHB Mike Williams 0-0: Ball
1-0: Foul Ball, location: 2F
1-1: Foul Ball, location: 2F
1-2: Grounds into double play, 6-4-3 (Groundball, 6, EV 85.0 MPH)
Batting: RHB Skyler Goss 0-0: SINGLE (Groundball, 4MD, EV 100.0 MPH)
Batting: RHB Steve Byerly 0-0: Ball
1-0: Called Strike
1-1: Called Strike
1-2: Ball
2-2: Strikes out looking
Bottom of the 8th over - 0 runs, 2 hits, 0 errors, 1 left on base; Columbia 0 - Biloxi 1
TOP OF THE 9TH
Columbia Fireflies batting - Pitching for Biloxi Shuckers : RHP Jim Strickland
Pitching: RHP Elijah Seabrooks
Batting: RHB Zhao-ying Joe 0-0: Ball
1-0: Called Strike
1-1: Ground out 5-3 (Groundball, 15, EV 91.2 MPH)
Batting: SHB Callum Lynch 0-0: Called Strike
0-1: Called Strike
0-2: Ground out 6-3 (Groundball, 56, EV 81.9 MPH)
Batting: LHB Bayesa Mundhir 0-0: Called Strike
0-1: Ball
1-1: Foul Ball, location: 2F
1-2: Strikes out swinging
Top of the 9th over - 0 runs, 0 hits, 0 errors, 0 left on base; Columbia 0 - Biloxi 1
Tuesday, September 13th , 2022 - OOTP Baseball 23.7 Build 88